[Event "December 19 Late 2023"]
[Site "https://www.chess.com"]
[Date "2023.12.19"]
[Round "10"]
[White "Bardyk, Artem"]
[Black "Kotlyar, Kirill"]
[Result "1-0"]
[Board "42"]
[TimeControl "180+1"]
[WhiteFideId "34349979"]
[BlackFideId "24145599"]
[WhiteElo "2300"]
[BlackElo "2397"]
[WhiteTeam "RUS"]
[BlackTeam "RUS"]
[WhiteClock "0:00:51"]
[BlackClock "0:00:16"]

1. e4 e5 2. d4 exd4 3. Qxd4 Nc6 4. Qd3 Nf6 5. Nc3 Bb4 6. Bd2 O-O 7. Nge2 Re8 8. O-O-O d6 9. Bg5 h6 10. Bxf6 Qxf6 11. Nd5 Qd8 12. Nxb4 Nxb4 13. Qd2 Nc6 14. Nc3 Be6 15. f4 a5 16. Rg1 a4 17. a3 Qh4 18. g3 Qf6 19. Bb5 Red8 20. Bxa4 Na5 21. Bb5 c5 22. Nd5 Bxd5 23. Qxd5 Rab8 24. Rge1 Nc6 25. c3 Ne7 26. Qd3 Ng6 27. Bc4 Kh8 28. Qd5 b5 29. Bb3 c4 30. Bc2 Ne7 31. Qd4 Qe6 32. e5 d5 33. Rg1 h5 34. g4 hxg4 35. f5 Nxf5 36. Qxg4 g6 37. Bxf5 Qxf5 38. Qxf5 gxf5 39. Rd4 Rb6 40. Rh4+ Rh6 41. Rxh6# 1-0

[Event "December 19 Late 2023"]
[Site "https://www.chess.com"]
[Date "2023.12.19"]
[Round "10"]
[White "Perea Fruet, Lorenzo"]
[Black "Gunduz, Umut Erdem"]
[Result "1/2-1/2"]
[Board "43"]
[TimeControl "180+1"]
[WhiteFideId "24595870"]
[BlackFideId "6381383"]
[WhiteElo "2268"]
[BlackElo "2182"]
[WhiteTeam "ESP"]
[BlackTeam "TUR"]
[WhiteClock "0:00:04"]
[BlackClock "0:00:08"]

1. f4 e5 2. fxe5 d6 3. exd6 Bxd6 4. Nf3 g5 5. g3 g4 6. Nh4 Ne7 7. e4 Ng6 8. Nf5 Bxf5 9. exf5 Ne5 10. Be2 Nbc6 11. d4 Nxd4 12. Qxd4 Nf3+ 13. Bxf3 Bxg3+ 14. hxg3 Qxd4 15. Be2 O-O-O 16. Nc3 h5 17. Bf4 Qb4 18. Rb1 h4 19. a3 hxg3 20. Rf1 Qd4 21. Bxg3 Rh3 22. Bf4 g3 23. Rd1 Qb6 24. Rxd8+ Kxd8 25. Bf3 Qxb2 26. Ne2 g2 27. Bxg2 Rxa3 28. Kf2 Qxc2 29. Bf3 Qc5+ 30. Kg3 Rd3 31. Kg4 b5 32. Ng3 b4 33. Be4 Rc3 34. Rd1+ Kc8 35. f6 b3 36. Bf5+ Kb7 37. Ne4 Qc4 38. Nxc3 Qxc3 39. Be4+ Kb6 40. Rd3 Qc4 41. Be3+ c5 42. Rd6+ Ka5 43. Kf4 b2 44. Rd1 Kb4 45. Kf3 Ka3 46. Rb1 a5 47. Bf4 a4 48. Be5 Qa2 49. Rxb2 Qxb2 50. Bxb2+ Kxb2 51. Bd5 a3 52. Bxf7 Kc3 53. Be6 c4 54. Bxc4 Kxc4 55. f7 a2 56. f8=Q a1=Q 57. Qc8+ Kb5 58. Qb7+ Kc5 59. Qc7+ Kd5 60. Qd7+ Kc5 61. Qc7+ Kd5 62. Qd7+ Kc4 63. Qc6+ Kd3 64. Qe4+ Kd2 65. Qe2+ Kc1 66. Qe1+ Kb2 67. Qd2+ Kb1 68. Ke2 Qe5+ 69. Kd1 Qh5+ 70. Qe2 Qh1+ 71. Qe1 Qd5+ 72. Ke2+ Kc2 73. Kf2 Qf5+ 74. Kg1 Qg4+ 75. Kf1 Kd3 76. Qf2 Qh3+ 77. Qg2 Qf5+ 78. Qf2 Qg4 79. Qg2 Qf4+ 80. Qf2 Qc1+ 81. Kg2 Qg5+ 82. Qg3+ Qe3 83. Qxe3+ Kxe3 1/2-1/2

[Event "December 19 Late 2023"]
[Site "https://www.chess.com"]
[Date "2023.12.19"]
[Round "10"]
[White "Guerra Tulcan, Lenin"]
[Black "Stojanovski, Sandi"]
[Result "0-1"]
[Board "44"]
[TimeControl "180+1"]
[WhiteFideId "3601382"]
[BlackFideId "1403249"]
[WhiteElo "2368"]
[BlackElo "2520"]
[WhiteTeam "ECU"]
[BlackTeam "DEN"]
[WhiteClock "0:00:09"]
[BlackClock "0:00:18"]

1. d4 Nf6 2. c4 e6 3. Nc3 Bb4 4. Nf3 d5 5. cxd5 exd5 6. Qc2 O-O 7. e3 c5 8. Bd3 Nc6 9. dxc5 Bxc5 10. O-O Nb4 11. Qb1 Re8 12. Rd1 Bg4 13. Be2 Qc8 14. b3 Bxe3 15. Bxe3 Rxe3 16. fxe3 Qxc3 17. Qc1 Nc2 18. Rb1 Qxe3+ 19. Qxe3 Nxe3 20. Rd3 Bf5 21. Rbd1 Bxd3 22. Rxd3 Nf5 23. h3 h5 24. Kf2 Rc8 25. Rd2 g6 26. Bd3 Ne7 27. Re2 Kf8 28. Ne5 Nc6 29. Nxc6 bxc6 30. Kf3 c5 31. g4 hxg4+ 32. hxg4 c4 33. bxc4 dxc4 34. Bc2 Nd5 35. Rd2 Nb4 36. a3 Nxc2 37. Rxc2 Ke7 38. Ke4 Kf6 39. Kf4 g5+ 40. Ke4 c3 41. Kd4 Ke6 42. Kd3 f5 43. Re2+ Kf6 44. gxf5 c2 45. Rxc2 Rxc2 46. Kxc2 Kxf5 47. Kd3 Kf4 48. Ke2 Kg3 49. Kf1 Kh2 0-1

[Event "December 19 Late 2023"]
[Site "https://www.chess.com"]
[Date "2023.12.19"]
[Round "10"]
[White "Shapiro, Viktor"]
[Black "Annaberdiyev, Meylis"]
[Result "0-1"]
[Board "45"]
[TimeControl "180+1"]
[WhiteFideId "4175700"]
[BlackFideId "14000563"]
[WhiteElo "2044"]
[BlackElo "2405"]
[WhiteTeam "RUS"]
[BlackTeam "TKM"]
[WhiteClock "0:00:17"]
[BlackClock "0:00:12"]

1. c4 e5 2. Nc3 Nc6 3. g3 Bc5 4. Bg2 d6 5. e3 a6 6. Nge2 Ba7 7. d4 Nge7 8. O-O h5 9. h3 h4 10. g4 f5 11. g5 f4 12. exf4 exd4 13. Nd5 Nf5 14. Qd3 O-O 15. Bd2 Nb8 16. Ba5 b6 17. Bd2 Nd7 18. Nxd4 Nc5 19. Qc3 b5 20. Nxf5 Bxf5 21. Be3 Qd7 22. cxb5 axb5 23. b4 Ne4 24. Qxc7 Qxc7 25. Nxc7 Bxe3 26. fxe3 Ra3 27. Nxb5 Rxe3 28. Rfe1 Rg3 29. Kh2 d5 30. Nd4 Bd7 31. Rf1 Rd3 32. Rad1 Ra3 33. Nb3 Rxa2 34. Rxd5 Bc6 35. Rd4 Rb8 36. Rc1 Nc3 37. Rd2 Rxb4 38. Rxc3 Rxb3 39. Rxb3 Rxd2 40. Kg1 Rxg2+ 41. Kf1 Rg3 42. Rxg3 hxg3 43. h4 g6 44. Kg1 Kf7 45. Kf1 Ke6 46. Kg1 Kf5 47. Kf1 Kxf4 48. h5 gxh5 49. g6 Bd5 50. g7 h4 51. g8=Q Bxg8 52. Kg2 Kg4 0-1

[Event "December 19 Late 2023"]
[Site "https://www.chess.com"]
[Date "2023.12.19"]
[Round "10"]
[White "Cervantes Landeiro, Thalia"]
[Black "Mokshanov, Alexey"]
[Result "1-0"]
[Board "46"]
[TimeControl "180+1"]
[WhiteFideId "3520498"]
[BlackFideId "24121657"]
[WhiteElo "2189"]
[BlackElo "2278"]
[WhiteTeam "USA"]
[BlackTeam "RUS"]
[WhiteClock "0:00:06"]
[BlackClock "0:00:00"]

1. d4 d5 2. c4 e6 3. Nc3 Nf6 4. cxd5 exd5 5. Bg5 Be7 6. e3 c6 7. Bd3 O-O 8. Qc2 Nbd7 9. Nge2 Re8 10. O-O Nf8 11. f3 Be6 12. Rad1 Rc8 13. e4 dxe4 14. fxe4 Ng4 15. Bxe7 Qxe7 16. Qd2 c5 17. d5 Bd7 18. h3 Ne5 19. Nf4 Qg5 20. Be2 Nfg6 21. Nxg6 Qxg6 22. Kh2 Rcd8 23. Qf4 a6 24. a4 Bc8 25. a5 Bd7 26. Qf2 Rc8 27. d6 Be6 28. Nd5 Bxd5 29. Rxd5 Qxe4 30. Rfd1 Rcd8 31. d7 Re7 32. Bh5 g6 33. Qxc5 gxh5 34. Qc7 Nc6 35. Qxb7 Qf4+ 36. Kh1 Re6 37. Qxa6 h4 38. Qb6 Kg7 39. a6 Qb4 40. Qf2 Qa4 41. R1d2 Kf8 42. Rg5 Qxa6 43. Qxh4 Qa1+ 44. Kh2 Rg6 45. Rxg6 fxg6 46. Qf6+ Kg8 47. Qe6+ Kg7 48. Rf2 Qa5 49. Rf7+ Kh6 50. Qe3+ Qg5 51. Rxh7+ Kxh7 52. Qxg5 Rxd7 53. Qh4+ Kg7 54. Qe4 Rd6 55. b4 Kf6 56. b5 Ne5 57. Qf4+ Ke6 58. Qb4 Rd3 59. b6 Rd8 60. b7 Rb8 61. Qb6+ Kd5 62. Qc7 Nc6 63. Qd7+ Kc5 64. Qc7 Kb5 65. h4 Rh8 66. Kh3 Nb8 67. Qc8 1-0

[Event "December 19 Late 2023"]
[Site "https://www.chess.com"]
[Date "2023.12.19"]
[Round "10"]
[White "Janaszak, Dawid"]
[Black "Rangel, Daniel"]
[Result "1-0"]
[Board "47"]
[TimeControl "180+1"]
[WhiteFideId "1119206"]
[BlackFideId "2124475"]
[WhiteElo "2218"]
[BlackElo "2267"]
[WhiteTeam "POL"]
[BlackTeam "BRA"]
[WhiteClock "0:00:11"]
[BlackClock "0:00:00"]

1. e4 c5 2. a3 g6 3. h4 Bg7 4. h5 Nc6 5. Bc4 e6 6. Nc3 a6 7. d3 Nge7 8. Ba2 d5 9. h6 Bxc3+ 10. bxc3 dxe4 11. Bg5 Qa5 12. Bf6 O-O 13. dxe4 e5 14. Qf3 Be6 15. Bxe7 Nd4 16. Qd3 Rfe8 17. Bf6 Qxa3 18. cxd4 Qb2 19. Rd1 Bxa2 20. dxe5 Qb4+ 21. c3 Qa4 22. Ne2 Be6 23. O-O Qc6 24. Qe3 a5 25. Nf4 a4 26. Nd5 a3 27. Ne7+ Rxe7 28. Bxe7 a2 29. Qf4 Bb3 30. Rd8+ Rxd8 31. Bxd8 Qf6 32. Qxf6 1-0

[Event "December 19 Late 2023"]
[Site "https://www.chess.com"]
[Date "2023.12.19"]
[Round "10"]
[White "Pham, Le Thao Nguyen"]
[Black "Vlassov, Nikolai"]
[Result "0-1"]
[Board "48"]
[TimeControl "180+1"]
[WhiteFideId "12401226"]
[BlackFideId "4103360"]
[WhiteElo "2261"]
[BlackElo "2351"]
[WhiteTeam "VIE"]
[BlackTeam "FID"]
[WhiteClock "0:00:34"]
[BlackClock "0:00:54"]

1. d4 Nf6 2. Nf3 e6 3. Bf4 c5 4. e3 b6 5. Nbd2 Bb7 6. Nc4 Ne4 7. a4 d5 8. Nce5 f6 9. Nd3 c4 10. Nc1 Bb4+ 11. Ke2 Ba6 12. c3 Bxc3 13. Qc2 Bxb2 14. Rb1 Bxc1 15. Rxc1 Nc6 16. Rb1 Qe7 17. Ne1 Nb4 18. Rxb4 Qxb4 19. f3 c3+ 20. Kd1 Nf2+ 0-1

[Event "December 19 Late 2023"]
[Site "https://www.chess.com"]
[Date "2023.12.19"]
[Round "10"]
[White "Golubev, Mikhail"]
[Black "Rama, Tejas"]
[Result "0-1"]
[Board "49"]
[TimeControl "180+1"]
[WhiteFideId "14100983"]
[BlackFideId "30907381"]
[WhiteElo "2352"]
[BlackElo "2089"]
[WhiteTeam "UKR"]
[BlackTeam "USA"]
[WhiteClock "0:00:00"]
[BlackClock "0:00:03"]

1. e4 e5 2. Nf3 Nc6 3. Nc3 Nf6 4. d4 exd4 5. Nxd4 Bb4 6. Nxc6 bxc6 7. Bd3 O-O 8. O-O d5 9. exd5 Bg4 10. Be2 Bxe2 11. Nxe2 cxd5 12. Bg5 Be7 13. Qd3 c6 14. Rad1 Qb8 15. b3 Re8 16. Ng3 h6 17. Bxf6 Bxf6 18. c4 d4 19. Nh5 Be5 20. f4 Bc7 21. Qg3 g6 22. Nf6+ Kg7 23. Nxe8+ Qxe8 24. Rfe1 Qd7 25. Qf3 Rd8 26. Rd3 c5 27. f5 Qxf5 28. Qxf5 gxf5 29. Re7 Bb8 30. g3 Kf6 31. Re2 Rg8 32. Rf3 h5 33. Kf2 Rg4 34. Re8 Be5 35. Ra8 h4 36. Rxa7 hxg3+ 37. hxg3 Rg8 38. Ra6+ Kg5 39. Rc6 Rh8 40. Rxc5 f6 41. Rc7 Bxc7 42. b4 Be5 43. c5 Rh2+ 44. Ke1 Rxa2 45. Rb3 Kg4 46. b5 Bxg3+ 47. Kd1 Ra8 48. b6 Be5 49. c6 Rb8 50. c7 Bxc7 51. bxc7 Rc8 52. Rb4 f4 53. Rc4 Kg3 54. Ke2 f3+ 55. Kf1 Ra8 56. Rc1 Rc8 57. Ke1 Kg2 58. Rc2+ Kg1 59. Kd1 f2 0-1

[Event "December 19 Late 2023"]
[Site "https://www.chess.com"]
[Date "2023.12.19"]
[Round "10"]
[White "Yashmetov, Mikhail"]
[Black "Hajiyev, Kanan"]
[Result "1-0"]
[Board "50"]
[TimeControl "180+1"]
[WhiteFideId "24198900"]
[BlackFideId "13404148"]
[WhiteElo "2220"]
[BlackElo "2102"]
[WhiteTeam "RUS"]
[BlackTeam "AZE"]
[WhiteClock "0:00:55"]
[BlackClock "0:00:14"]

1. f4 b6 2. e4 Bb7 3. Nc3 Nf6 4. e5 Nd5 5. Nxd5 Bxd5 6. c4 Bb7 7. d4 d6 8. Nf3 dxe5 9. fxe5 e6 10. Be2 c5 11. d5 exd5 12. O-O Be7 13. Qe1 O-O 14. Qg3 Re8 15. Bh6 Bf8 16. Ng5 Re7 17. Bh5 g6 18. Nxf7 Rxf7 19. Rxf7 Kxf7 20. Bxg6+ Kg8 21. Bf7+ Kxf7 22. Rf1+ Ke8 23. Rxf8+ Kd7 24. Qg4+ Kc7 25. Rxd8 Kxd8 26. Qg8+ Kc7 27. cxd5 Nd7 28. d6+ Kc6 29. Qg3 Kb5 30. Qb3+ Ka5 31. Bd2+ 1-0

[Event "December 19 Late 2023"]
[Site "https://www.chess.com"]
[Date "2023.12.19"]
[Round "10"]
[White "Kazmaier, Daniel"]
[Black "Sabuk, Piotr"]
[Result "0-1"]
[Board "51"]
[TimeControl "180+1"]
[WhiteFideId "2606089"]
[BlackFideId "1137565"]
[WhiteElo "2487"]
[BlackElo "2276"]
[WhiteTeam "CAN"]
[BlackTeam "POL"]
[WhiteClock "0:00:13"]
[BlackClock "0:00:37"]

1. d4 d5 2. c4 e6 3. Nc3 Nf6 4. Bg5 Be7 5. e3 h6 6. Bh4 O-O 7. Bd3 dxc4 8. Bxc4 a6 9. Nf3 b5 10. Be2 Bb7 11. O-O Nbd7 12. Rc1 c5 13. dxc5 Nxc5 14. Nd4 Rc8 15. Bf3 Qb6 16. Qe2 b4 17. Nb1 a5 18. Nd2 Ba6 19. Nc4 Qc7 20. Nc6 Nd5 21. Bg3 Qxc6 22. e4 Nb6 23. Ne5 Qa8 24. Qe3 Bxf1 25. Bf4 Ncd7 26. Ng4 Rxc1 27. Qxc1 Rc8 28. Qxf1 Bg5 29. Bxg5 hxg5 30. g3 Nc4 31. Qh3 Nce5 32. Kg2 Nxg4 33. Qxg4 Ne5 34. Qxg5 Nxf3 35. Kxf3 0-1

[Event "December 19 Late 2023"]
[Site "https://www.chess.com"]
[Date "2023.12.19"]
[Round "10"]
[White "Domingo Nunez, Alejandro"]
[Black "Sivakumar, Shaashwath"]
[Result "1-0"]
[Board "52"]
[TimeControl "180+1"]
[WhiteFideId "22245561"]
[BlackFideId "30912156"]
[WhiteElo "2252"]
[BlackElo "2137"]
[WhiteTeam "ESP"]
[BlackTeam "USA"]
[WhiteClock "0:00:51"]
[BlackClock "0:00:11"]

1. e4 c5 2. d4 cxd4 3. c3 Nf6 4. e5 Nd5 5. Nf3 d6 6. Qxd4 e6 7. Nbd2 Nc6 8. Bb5 Bd7 9. Bxc6 Bxc6 10. Nc4 f6 11. exd6 b5 12. Ne3 Bxd6 13. Qg4 Qe7 14. Nd4 Nxe3 15. Bxe3 Bd7 16. Nxb5 Bxb5 17. Qh5+ g6 18. Qxb5+ Kf7 19. Rd1 Rhd8 20. O-O Rab8 21. Qe2 Qc7 22. h3 Qa5 23. b4 Qe5 24. g3 Qxc3 25. Bxa7 Rxb4 26. Qa6 Qe5 27. Rfe1 Re4 28. Rxe4 Qxe4 29. Rxd6 Qe1+ 30. Kh2 1-0

[Event "December 19 Late 2023"]
[Site "https://www.chess.com"]
[Date "2023.12.19"]
[Round "10"]
[White "Delorme, Axel"]
[Black "Ambartsumova, Karina"]
[Result "1-0"]
[Board "53"]
[TimeControl "180+1"]
[WhiteFideId "632023"]
[BlackFideId "4166299"]
[WhiteElo "2478"]
[BlackElo "2240"]
[WhiteTeam "FRA"]
[BlackTeam "RUS"]
[WhiteClock "0:00:05"]
[BlackClock "0:00:00"]

1. e4 e5 2. Nf3 Nc6 3. Bb5 Nf6 4. O-O Nxe4 5. Re1 Nd6 6. Nxe5 Nxe5 7. Rxe5+ Be7 8. Nc3 O-O 9. Bd3 Bf6 10. Re3 g6 11. Nd5 Bg7 12. Ne7+ Kh8 13. Qf3 Ne8 14. c3 Nf6 15. Bf1 d5 16. Nxc8 Rxc8 17. d4 c6 18. Bd3 Qd7 19. Re2 Rce8 20. Bg5 Rxe2 21. Bxe2 Ne4 22. Be3 f5 23. Qh3 Qe7 24. Re1 f4 25. Bc1 Ng5 26. Qd3 a6 27. Bd2 Qf7 28. f3 Re8 29. Bd1 Rxe1+ 30. Bxe1 Ne6 31. Qe2 Bf6 32. Bc2 Kg7 33. g4 Qd7 34. h4 h6 35. Qd3 Nf8 36. Kg2 Qe7 37. Bd2 Qd6 38. Kh3 a5 39. b3 g5 40. h5 Qe7 41. Kg2 b6 42. Kf2 Qe6 43. c4 Be7 44. a4 Bf6 45. cxd5 Qxd5 46. b4 Qxd4+ 47. Qxd4 Bxd4+ 48. Ke2 axb4 49. Bxb4 Ne6 50. Bb3 Nc7 51. Kd3 Be3 52. Bc3+ Kf8 53. Be5 Na6 54. Bd6+ Ke8 55. Bc4 Nc5+ 56. Bxc5 Bxc5 57. Ke4 Ke7 58. Kf5 Bd4 59. Kg6 1-0

[Event "December 19 Late 2023"]
[Site "https://www.chess.com"]
[Date "2023.12.19"]
[Round "10"]
[White "Cobysters"]
[Black "Blanco Diez, David"]
[Result "1-0"]
[Board "54"]
[TimeControl "180+1"]
[BlackFideId "32032927"]
[WhiteElo "2579"]
[BlackElo "2170"]
[BlackTeam "ESP"]
[WhiteClock "0:00:52"]
[BlackClock "0:00:00"]

1. c4 e5 2. Nc3 Bb4 3. e4 Nf6 4. Nge2 O-O 5. g3 Nc6 6. Bg2 Bc5 7. O-O a5 8. d3 h6 9. Kh1 d6 10. f4 Ng4 11. Qe1 Ne3 12. Bxe3 Bxe3 13. Nd5 Bc5 14. f5 Nb4 15. Qd2 Nxd5 16. cxd5 Qg5 17. Qc2 f6 18. Bf3 Bd7 19. Rae1 Bb4 20. Nc3 h5 21. a3 Bc5 22. Qe2 h4 23. gxh4 Qxh4 24. Qd2 Kf7 25. Re2 Rh8 26. Rg2 Rh7 27. Ne2 Rah8 28. Ng3 a4 29. Rc1 Bb5 30. Nf1 Qf4 31. Qxf4 exf4 32. Be2 f3 33. Bxf3 Bxd3 34. Ng3 Rh4 35. Rd2 Be3 36. Rxc7+ Ke8 37. Rc8+ Kd7 38. Rxh8 Rxh8 39. Rxd3 Bf4 40. Kg2 Rc8 41. Rc3 Rxc3 42. bxc3 Bc1 43. Bd1 Bxa3 44. Bxa4+ Kc7 45. c4 Kb6 46. Nh5 Kc5 47. Bb5 Bb2 48. Nxg7 1-0

[Event "December 19 Late 2023"]
[Site "https://www.chess.com"]
[Date "2023.12.19"]
[Round "10"]
[White "Buchenau, Frank"]
[Black "Estrada Nieto, Julian"]
[Result "1/2-1/2"]
[Board "55"]
[TimeControl "180+1"]
[WhiteFideId "4604350"]
[BlackFideId "5101018"]
[WhiteElo "2157"]
[BlackElo "2161"]
[WhiteTeam "GER"]
[BlackTeam "ESP"]
[WhiteClock "0:00:04"]
[BlackClock "0:00:08"]

1. e4 e5 2. Bc4 Nc6 3. Nf3 Bc5 4. c3 Nf6 5. d3 d6 6. O-O a6 7. Bb3 Ba7 8. Nbd2 h6 9. Re1 O-O 10. Nf1 Be6 11. Be3 Re8 12. Bxa7 Rxa7 13. Bxe6 Rxe6 14. Ne3 Ra8 15. Nd5 Ne7 16. c4 c6 17. Nxf6+ Rxf6 18. d4 Ng6 19. Re3 Qe7 20. g3 Qe6 21. d5 cxd5 22. cxd5 Qh3 23. Rc1 Rc8 24. Rxc8+ Qxc8 25. Rc3 Qh3 26. Qf1 Qg4 27. Nd2 Qg5 28. Nc4 h5 29. Ne3 Nh4 30. Kh1 Nf3 31. Nf5 Nd4 32. f4 Qg4 33. Ne3 Qd7 34. f5 g6 35. g4 gxf5 36. gxf5 Rh6 37. Qg2+ Kh7 38. Rc1 f6 39. Rg1 Qf7 40. Nc4 Kh8 41. Nxd6 Qf8 42. Nxb7 h4 43. d6 h3 44. Qg3 Ne2 45. Qg8+ Qxg8 46. Rxg8+ Kxg8 47. d7 Rh4 48. d8=Q+ Kg7 49. Qe7+ Kg8 50. Qxf6 Rf4 51. Qg6+ Kf8 52. Qf6+ Kg8 53. Qg6+ Kf8 54. Qf6+ Kg8 1/2-1/2

[Event "December 19 Late 2023"]
[Site "https://www.chess.com"]
[Date "2023.12.19"]
[Round "10"]
[White "Azar, Sebastien"]
[Black "O`Gorman, Tom"]
[Result "0-1"]
[Board "56"]
[TimeControl "180+1"]
[WhiteFideId "2640198"]
[BlackFideId "2508249"]
[WhiteElo "2404"]
[BlackElo "2288"]
[WhiteTeam "CAN"]
[BlackTeam "IRL"]
[WhiteClock "0:00:23"]
[BlackClock "0:00:41"]

1. e4 e5 2. Nf3 Nc6 3. Bb5 a6 4. Ba4 Nf6 5. d3 d6 6. O-O g6 7. c3 Bg7 8. h3 O-O 9. Re1 Nd7 10. Nbd2 h6 11. Nf1 f5 12. Ne3 f4 13. Nd5 Nc5 14. Bc2 Ne7 15. d4 Ne6 16. Qe2 c6 17. Nxe7+ Qxe7 18. Bb3 Kh8 19. Rd1 Ng5 20. a4 Nxh3+ 21. gxh3 Bxh3 22. Nh2 Qh4 23. Qf3 g5 24. Nf1 g4 25. Qh1 g3 26. fxg3 fxg3 27. Be6 g2 28. Qxh3 Qf2+ 29. Kh2 g1=Q# 0-1

[Event "December 19 Late 2023"]
[Site "https://www.chess.com"]
[Date "2023.12.19"]
[Round "10"]
[White "Khater, Sherif"]
[Black "Polster, Christian"]
[Result "1-0"]
[Board "57"]
[TimeControl "180+1"]
[WhiteFideId "2034280"]
[BlackFideId "12965081"]
[WhiteElo "2561"]
[BlackElo "2141"]
[WhiteTeam "USA"]
[BlackTeam "GER"]
[WhiteClock "0:01:18"]
[BlackClock "0:00:02"]

1. a3 d5 2. b4 e5 3. Bb2 Bd6 4. e3 Nf6 5. Nf3 Qe7 6. d4 Nbd7 7. dxe5 Nxe5 8. Nxe5 Bxe5 9. Bxe5 Qxe5 10. Qd4 Qxd4 11. exd4 Bf5 12. Bd3 Bxd3 13. cxd3 Nd7 14. Nc3 c6 15. Kd2 Nf8 16. Rhe1+ Ne6 17. Na4 b6 18. Rac1 Kd7 19. Kc3 a5 20. Nxb6+ Kd6 21. Nxa8 Rxa8 22. Ra1 a4 23. g3 Nc7 24. Kb2 Nb5 25. g4 Nxd4 26. Re3 Rb8 27. Rae1 Ne6 28. d4 Rb7 29. Kc3 g5 30. Re5 Re7 31. Rf5 Kd7 32. Rf6 Nf8 33. Rxe7+ Kxe7 34. Rxc6 Nd7 35. Ra6 Nf6 36. f3 h5 37. h3 hxg4 38. hxg4 Nd7 39. Rxa4 Nf8 40. Ra7+ Kf6 41. a4 Ne6 42. a5 Nf4 43. Rb7 Ne2+ 44. Kd3 Nc1+ 45. Ke3 Na2 46. a6 Nc3 47. a7 1-0

[Event "December 19 Late 2023"]
[Site "https://www.chess.com"]
[Date "2023.12.19"]
[Round "10"]
[White "Vargas Rodriguez, Wilver"]
[Black "Makaraci, Tunahan"]
[Result "1-0"]
[Board "58"]
[TimeControl "180+1"]
[WhiteFideId "3509672"]
[BlackFideId "6356559"]
[WhiteElo "2210"]
[BlackElo "2112"]
[WhiteTeam "CUB"]
[BlackTeam "TUR"]
[WhiteClock "0:00:04"]
[BlackClock "0:00:04"]

1. e4 Nf6 2. e5 Nd5 3. c4 Nb6 4. c5 Nd5 5. Nc3 e6 6. Nxd5 exd5 7. d4 d6 8. cxd6 cxd6 9. Nf3 Nc6 10. Bd3 dxe5 11. Nxe5 Bd6 12. Nxc6 bxc6 13. Qh5 g6 14. Qh6 Qf6 15. Qe3+ Be6 16. O-O O-O 17. f4 Bf5 18. Bxf5 Qxf5 19. Qc3 Rac8 20. Be3 Rfe8 21. Rae1 h5 22. Bd2 Rxe1 23. Rxe1 Bxf4 24. Bxf4 Qxf4 25. Qc5 a6 26. h4 Qxh4 27. Re7 Qf4 28. b3 h4 29. Qc3 Qf6 30. Re5 Kg7 31. b4 Qf4 32. a3 Rh8 33. Re3 Qd6 34. Re5 Rh5 35. Rxh5 gxh5 36. Qf3 Qg6 37. Qe3 Qf5 38. Qc3 Qg4 39. Kh1 Qg6 40. Qe3 Qf6 41. Qc3 Kg6 42. Kh2 Kg5 43. Kh1 Qf1+ 44. Kh2 Qf4+ 45. Kh1 Qd6 46. Qe3+ Kg6 47. Qd3+ f5 48. Qxa6 f4 49. b5 Qe6 50. Qxc6 Kf6 51. Qxe6+ Kxe6 52. a4 Kd6 53. a5 Kc7 54. b6+ Kb7 55. Kh2 Ka6 56. Kh3 f3 57. gxf3 Kb7 58. Kxh4 1-0

[Event "December 19 Late 2023"]
[Site "https://www.chess.com"]
[Date "2023.12.19"]
[Round "10"]
[White "Rees, Ioan"]
[Black "Hamidi, Amir Mohammad"]
[Result "1-0"]
[Board "59"]
[TimeControl "180+1"]
[WhiteFideId "1801236"]
[BlackFideId "12563285"]
[WhiteElo "2270"]
[BlackElo "2217"]
[WhiteTeam "WLS"]
[BlackTeam "IRI"]
[WhiteClock "0:01:01"]
[BlackClock "0:00:00"]

1. e4 c5 2. c3 Nf6 3. e5 Nd5 4. Nf3 Nc6 5. Bc4 Nb6 6. Bb3 d6 7. d4 cxd4 8. cxd4 dxe5 9. Nxe5 Nxe5 10. dxe5 Qxd1+ 11. Kxd1 Bf5 12. Nc3 e6 13. Be3 Rd8+ 14. Ke1 Bb4 15. Rc1 O-O 16. f3 Rd3 17. Kf2 Rfd8 18. g4 Bg6 19. Rhd1 Bxc3 20. Rxd3 Rxd3 21. Rxc3 Rxc3 22. bxc3 Kf8 23. a4 Ke7 24. a5 Nc8 25. Bc5+ Kd8 26. Bf8 Kc7 27. Bxg7 Kc6 28. Bf8 Kb5 29. Bb4 b6 30. axb6 Nxb6 31. Ke3 a5 32. Bd6 a4 33. Ba2 Nc4+ 34. Kd4 Nxd6 35. exd6 Kc6 36. Ke5 Bc2 37. Bxe6 fxe6 38. Kxe6 Bb3+ 39. Ke7 1-0

[Event "December 19 Late 2023"]
[Site "https://www.chess.com"]
[Date "2023.12.19"]
[Round "10"]
[White "Deng, Henry"]
[Black "Hasanagic, Anel"]
[Result "0-1"]
[Board "60"]
[TimeControl "180+1"]
[WhiteFideId "30965454"]
[BlackFideId "14605791"]
[WhiteElo "2577"]
[BlackElo "2209"]
[WhiteTeam "USA"]
[BlackTeam "SLO"]
[WhiteClock "0:00:18"]
[BlackClock "0:00:25"]

1. e4 c6 2. d4 d5 3. Nd2 dxe4 4. Nxe4 Nf6 5. Nxf6+ exf6 6. c3 Bd6 7. Bd3 O-O 8. Qc2 Re8+ 9. Ne2 g6 10. Be3 Nd7 11. h4 Qc7 12. h5 Nf8 13. O-O-O c5 14. hxg6 fxg6 15. Kb1 c4 16. Qa4 Be6 17. Be4 f5 18. Bc2 Bd7 19. Qxc4+ Qxc4 20. Bb3 Bb5 21. Bxc4+ Bxc4 22. Nc1 b5 23. b3 Bd5 24. Rhg1 Rac8 25. Kb2 Ne6 26. g3 Nf8 27. Nd3 Nd7 28. Rc1 Nb6 29. Rge1 a5 30. Red1 a4 31. Re1 Be4 32. Ne5 Nd5 33. f3 Nxe3 34. fxe4 Bxe5 35. Rxe3 Bg7 36. e5 Bh6 37. Rce1 axb3 38. axb3 Bxe3 39. Rxe3 Kf7 40. Kc2 Ke6 41. Kd3 Kd5 42. Rf3 Rc6 43. Rf1 Rec8 44. Rc1 h5 45. Rc2 g5 46. Rc1 h4 47. gxh4 gxh4 48. e6 Kxe6 49. Re1+ Kf6 50. c4 bxc4+ 51. bxc4 Rxc4 52. d5 R4c5 53. Kd4 Rc4+ 54. Kd3 h3 55. Re6+ Kg5 56. d6 R4c6 57. d7 Rc3+ 58. Kd2 Rc2+ 59. Kd3 Rd8 60. Kxc2 Rxd7 61. Re1 h2 62. Rh1 Rh7 63. Kd2 Kg4 64. Ke2 Kg3 65. Kf1 f4 66. Ke2 Kg2 67. Rf1 h1=Q 68. Rxh1 Rxh1 69. Kd3 f3 70. Ke4 f2 71. Kf4 f1=Q+ 72. Ke3 Rh3+ 73. Kd4 Rd3+ 74. Ke4 Qe2+ 75. Kf4 Rf3+ 76. Kg4 Qe4+ 77. Kg5 Rf5+ 78. Kg6 Qe6+ 79. Kg7 Rf7+ 80. Kg8 Qe8# 0-1

[Event "December 19 Late 2023"]
[Site "https://www.chess.com"]
[Date "2023.12.19"]
[Round "10"]
[White "Novikova, Galina"]
[Black "Spata, German"]
[Result "0-1"]
[Board "61"]
[TimeControl "180+1"]
[WhiteFideId "4157095"]
[BlackFideId "113026"]
[WhiteElo "1972"]
[BlackElo "2260"]
[WhiteTeam "RUS"]
[BlackTeam "ARG"]
[WhiteClock "0:00:00"]
[BlackClock "0:00:04"]

1. e4 c5 2. Nf3 a6 3. b4 cxb4 4. a3 e6 5. axb4 Bxb4 6. c3 Be7 7. d4 d6 8. Bd3 Nf6 9. O-O O-O 10. e5 dxe5 11. dxe5 Nfd7 12. Qe2 Nc5 13. Bc2 b5 14. Rd1 Qc7 15. h4 Bb7 16. Bf4 Nbd7 17. h5 Bxf3 18. Qxf3 Nxe5 19. Qg3 f6 20. Nd2 Bd6 21. Ne4 Nxe4 22. Bxe4 Rad8 23. Rxa6 Nf3+ 24. Qxf3 Bxf4 25. Rda1 Be5 26. Rc6 Qd7 27. Rca6 f5 28. Bc2 Kh8 29. g3 b4 30. h6 Bxc3 31. hxg7+ Bxg7 32. Re1 Qd2 33. Re2 Qc3 34. Qxc3 bxc3 35. Raxe6 f4 36. gxf4 Rxf4 37. Re7 Rff8 38. Rc7 Rd2 39. Rce7 Rxe2 40. Rxe2 Rd8 41. Kf1 Bf6 42. f3 Kg7 43. Be4 Bg5 44. Rc2 Bd2 45. Ke2 h5 46. Ra2 Rd6 47. Ra7+ Kf6 48. Bc2 h4 49. Ra4 Bg5 50. Bd3 Re6+ 51. Kf2 Rd6 52. Ke2 Rc6 53. Bc2 Re6+ 54. Kf2 Rd6 55. Be4 Rd2+ 56. Ke1 Rg2 57. Rc4 h3 58. Rc6+ Ke5 59. Kf1 Rb2 60. Rc5+ Kf4 61. Rf5+ Ke3 62. Rxg5 h2 63. Rh5 c2 64. Kg2 c1=Q+ 65. Kg3 h1=Q 66. Rh2 Qxh2+ 0-1